 Dungeon Crawl Stone Soup version 0.26.0-3-g156281e41b (webtiles) character file.

Game seed: 7896055221076348791

367 Jerry the Skirmisher (level 6, -5/56 HPs)
             Began as a Ghoul Chaos Knight on Jan 9, 2021.
             Was a Plaything of Xom.
             Slain by a killer bee (7 damage)
             ... on level 5 of the Dungeon.
             The game lasted 00:12:13 (4306 turns).

Jerry the Skirmisher (Ghoul Chaos Knight)           Turns: 4306, Time: 00:12:16

Health: -5/56      AC:  8    Str: 18    XL:     6   Next: 69%
Magic:  14/14      EV: 11    Int:  7    God:    Xom [...*..]
Gold:   126        SH:  0    Dex:  8    Spells: 5/5 levels left

rFire    + . .     SeeInvis .   h - +5 flail (vorpal)
rCold    + + .     Faith    .   (no shield)
rNeg     + + +     Spirit   .   b - +2 leather armour
rPois    ∞         Reflect  .   (no helmet)
rElec    +         Harm     .   v - +2 cloak
rCorr    +         Rampage  .   (no gloves)
Will     .....     Rnd*Tele +   (no boots)
Stlth    ..........             (no amulet)
HPRegen  0.00/turn              k - ring of magical power
MPRegen  0.14/turn              o - ring of teleportation (curse)

@: confused, resistant, flying, hasted, very quick
A: claws 1, cold resistance 1, negative energy resistance 3, inhibited
regeneration, torment resistance, unbreathing
a: Renounce Religion


You were on level 5 of the Dungeon.
You worshipped Xom.
You were a favourite toy of Xom.
You visited 1 branch of the dungeon, and saw 5 of its levels.

You collected 126 gold pieces.

Inventory:

Hand Weapons
 a - a +0 falchion of chaos
 h - a +5 vorpal flail (weapon)
Missiles
 m - 14 poisoned darts (quivered)
Armour
 b - a +2 leather armour (worn)
 r - a +0 helmet
 v - a +2 cloak (worn)
Jewellery
 k - a ring of magical power (left claw)
 o - a cursed ring of teleportation (right claw)
Wands
 s - a wand of paralysis (11)
 t - a wand of random effects (19)
Scrolls
 e - 4 scrolls of identify
 j - 2 scrolls of remove curse
Potions
 g - a potion of brilliance {unknown}
 i - 2 potions of heal wounds {unknown}
 l - 2 potions of curing
 n - a potion of ambrosia


   Skills:
 + Level 5.2 Fighting
 - Level 3.9 Long Blades
 + Level 1.6 Maces & Flails
 + Level 3.9 Armour
 - Level 0.8 Dodging


You had 5 spell levels left.
You didn't know any spells.
Your spell library contained the following spells:

 Spells                   Type           Power        Failure   Level
 Animate Skeleton         Necr           0%           50%         1
 Apportation              Tloc           0%           50%         1
 Corona                   Hex            0%           50%         1
 Summon Small Mammal      Summ           0%           50%         1


Dungeon Overview and Level Annotations

Branches:
Dungeon (5/15)
 Temple: D:4-7

Altars:
Dithmenos
Xom


Innate Abilities, Weirdness & Mutations

You thrive by killing the living.
You are immune to poison.
You have sharp fingernails.
Your flesh is cold resistant. (rC+)
You are immune to negative energy. (rN+++)
You do not regenerate when monsters are visible.
You are immune to unholy pain and torment.
You can survive without breathing.


Message History

The killer bee barely misses you. The giant cockroach barely misses you.
The killer bee stings you but does no damage.
The killer bee closely misses you.
It was a potion of lignification.
You feel woody for a moment. The killer bee stings you.
* * * LOW HITPOINT WARNING * * *
The killer bee stings you!
* * * LOW HITPOINT WARNING * * *
The giant cockroach closely misses you. The killer bee stings you.
* * * LOW HITPOINT WARNING * * *
The killer bee barely misses you.
It was a potion of haste.
You feel yourself speed up. The killer bee stings you.
* * * LOW HITPOINT WARNING * * *
The killer bee stings you.
* * * LOW HITPOINT WARNING * * *
The giant cockroach bites you but does no damage.
The killer bee stings you!
You die...
Xom thinks this is hilarious!

#####.#
#yB...#
#@# #y#
#.# #..
###


You could see 2 killer bees and a giant cockroach.

Vanquished Creatures
  A killer bee (D:3)
  A jelly (D:3)
  An orc wizard (D:4)
  Crazy Yiuf (D:2)
  Terence (D:3)
  Robin (D:4)
  4 adders
  3 oozes
  A dart slug (D:1)
  6 leopard geckos
  6 orcs
  2 ball pythons
  A giant cockroach (D:2)
  10 goblins
  13 hobgoblins
  An iguana (D:3)
  2 quokkas
  6 bats
  3 frilled lizards
  6 kobolds
  7 rats
77 creatures vanquished.

Vanquished Creatures (collateral kills)
  An orc warrior (D:4)
  An orc wizard (D:4)
  2 orcs (D:4)
4 creatures vanquished.

Grand Total: 81 creatures vanquished

Notes
Turn   | Place    | Note
-------+----------+-------------------------------------------
     0 | D:1      | Jerry the Ghoul Chaos Knight began the quest for the Orb.
     0 | D:1      | Reached XP level 1. HP: 19/19 MP: 0/0
   180 | D:1      | XOM: divination: magic mapping
   285 | D:1      | Reached XP level 2. HP: 23/26 MP: 1/1
   914 | D:2      | Reached XP level 3. HP: 32/33 MP: 2/2
  1338 | D:2      | Reached skill level 4 in Fighting
  1362 | D:2      | Reached XP level 4. HP: 40/40 MP: 3/3
  1630 | D:2      | XOM: cloud trail
  1901 | D:2      | Found a runed translucent door.
  1902 | D:2      | Noticed Crazy Yiuf
  1906 | D:2      | Killed Crazy Yiuf
  1970 | D:3      | Reached XP level 5. HP: 44/47 MP: 4/4
  1993 | D:3      | Found a shimmering altar of Xom.
  2657 | D:3      | XOM: god gift: 26 gold pieces
  2737 | D:3      | Noticed Terence
  2743 | D:3      | Killed Terence
  3212 | D:4      | XOM: summons friendly quasit
  3266 | D:4      | Noticed Robin
  3271 | D:3      | XOM: chaos upgrade
  3273 | D:3      | Reached XP level 6. HP: 50/55 MP: 5/5
  3414 | D:4      | XOM: smoke on damage
  3731 | D:4      | XOM: confuse monster(s)
  3733 | D:4      | Killed Robin
  3799 | D:4      | XOM: cloud trail
  3818 | D:4      | Found a shadowy altar of Dithmenos.
  3836 | D:4      | Reached skill level 1 in Maces & Flails
  3857 | D:4      | Noticed an orc warrior
  3858 | D:4      | XOM: summons 2 friendly demons
  3860 | D:4      | XOM: cast spell 'Summon Hydra'
  3863 | D:4      | Killed an orc warrior
  3864 | D:4      | Reached skill level 5 in Fighting
  3869 | D:4      | XOM: summons 3 friendly demons
  3968 | D:3      | XOM: scenery: summon butterflies
  4060 | D:3      | XOM: divination: detect creatures
  4296 | D:5      | Entered Level 5 of the Dungeon
  4306 | D:5      | HP: 2/56 [killer bee (2)]
  4306 | D:5      | Slain by a killer bee

Illustrated notes

Levels and vault maps discovered:
D:1:      giann_horns, layout_basic, minmay_tromino_v4_c
D:2:      layout_loops_ring, st_stairs_4, uniq_crazy_yiuf_cottage
D:3:      layout_basic, serial_co_window_serial, co_window_of_opportunity_a,
          co_window_paths_b, co_window_paths_a, co_window_of_opportunity_a,
          co_window_corner_a, co_window_corner_b, co_window_corner_cb,
          co_window_corner_ca, co_window_broadway_b, co_window_cross_4,
          co_window_paths_d, co_window_4corner_b, glass_columns_a,
          dk_xom_monty_hall, uniq_terence
D:4:      layout_rooms, amethyst_overflow_temple_binary,
          chequers_temple_overflow_statue_of_worship, minmay_temple_entry_trees,
          grunt_dithmenos_smoke, uniq_robin
D:5:      layout_loops_ring, gup_sewer_entry_pipe, basic_altar

Skill      XL: |  1  2  3  4  5  6 |
---------------+-------------------+-----
Armour         | 2 3 |  3.9
Long Blades    | 3 |  3.9
Fighting       | 4 5 |  5.2
Maces & Flails | 1 |  1.6
Dodging        | |  0.8

Action                   |  1- 3 |  4- 6 || total
-------------------------+-------+-------++-------
Melee: Falchion          |    80 |   143 ||   223
       Flail             |       |    34 ||    34
Throw: Dart              |       |     6 ||     6
  Use: Scroll            |       |     5 ||     5
       Potion            |       |     7 ||     7
 Stab: Paralysed         |       |     3 ||     3
Armor: Leather armour    |    42 |    96 ||   138
Dodge: Dodged            |    40 |   146 ||   186
       Rpst.: Falchion   |    16 |    30 ||    46
